AoeStats
← Kapitan Klak

Nomad

509852774Analyzed
4v4 RM · 5d ago on Sep 28, 2026· 184m 21s· 8 players
Game mode
Random Map
Map size
231×231
Population
200
Speed
Normal
Resources
Standard
Victory
Conquest
Starting age
Dark Age
Ending age
Imperial Age
RankedLock teamsTeams togetherTeam positionsShared explorationLock speedFull tech treeHidden civsTurbo modeCheats
Victory
Defeat
🇨🇳 Spanish · China
908
+11
🇵🇰 Japanese · Pakistan
890
+12
🇭🇺 Teutons · Hungary
872
+12
🇭🇰 Hindustanis · Hong Kong SAR China
705
+19
🇬🇷 Britons · Greece
832
-15
🇨🇿 Bohemians · Czechia
802
-14
🇩🇪 Khmer · Germany
781
-13
🇪🇸 Huns · Spain
752
-12
[PKT]Luixpozo
6:55 Loom
15:46 Feudal Age
20:19 Man-at-Arms
34:28 Castle Age
33:20 Bloodlines
35:21 Husbandry
52:36 Imperial Age
54:48 Cavalier
56:48 Elite Skirmisher
57:35 Thumb Ring
vince
10:41 Loom
17:34 Feudal Age
22:16 Castle Age
20:29 Forging
22:56 Bloodlines
23:39 Gold Mining
25:01 Scale Barding Armor
41:56 Horse Collar
43:38 Double-Bit Axe
43:55 Heavy Plow
45:36 Gold Shaft Mining
46:05 Ballistics
45:41 Murder Holes
46:10 Bow Saw
48:27 Stone Mining
49:19 Wheelbarrow
51:01 Chain Barding Armor
50:32 Fletching
55:29 Imperial Age
52:37 Elite Skirmisher
53:30 Bodkin Arrow
55:25 Padded Archer Armor
56:45 Bracer
57:01 Leather Archer Armor
57:34 Iron Casting
56:36 Cavalier
57:19 Husbandry
59:28 Ring Archer Armor
66:40 Crop Rotation
70:38 Plate Barding Armor
71:05 Blast Furnace
71:21 Chemistry
76:20 Stone Shaft Mining
77:54 Conscription
78:18 Masonry
81:25 Light Cavalry
82:16 Scale Mail Armor
83:16 Hand Cart
83:17 Hussar
87:18 Elite Battle Elephant
89:08 Tusk Swords
93:36 Architecture
93:25 Town Watch
98:32 Elite Ballista Elephant
115:09 Demolition Ship
121:20 Capped Ram
155:12 Caravan
Kapitan Klak
19:09 Feudal Age
19:39 Double-Bit Axe
22:22 Man-at-Arms
23:19 Horse Collar
30:49 Fletching
31:00 Padded Archer Armor
35:22 Castle Age
36:26 Bow Saw
36:19 Heavy Plow
35:55 Crossbowman
44:07 Fortified Wall
45:09 Masonry
48:01 Chemistry
60:15 Elite Skirmisher
85:38 Light Cavalry
86:00 Pikeman
86:41 Squires
102:38 Arson
115:41 Forging
115:31 Scale Mail Armor
153:29 Imperial Age
164:22 Halberdier
168:17 Elite Cannon Galleon
Mr Seymour Guado
20:12 Loom
21:58 Feudal Age
24:28 Wheelbarrow
23:41 Double-Bit Axe
23:38 Horse Collar
23:51 Gold Mining
28:31 Castle Age
26:34 Stone Mining
27:01 Fishing Lines
29:30 Fletching
29:41 Padded Archer Armor
30:06 Gillnets
30:46 Bow Saw
30:42 Heavy Plow
31:38 Gold Shaft Mining
31:17 Bodkin Arrow
31:38 Leather Archer Armor
36:04 Imperial Age
36:17 Heavy Mounted Crossbowman
37:28 Hand Cart
36:38 Cranequins
38:41 Bracer
39:12 Ring Archer Armor
40:47 Two-Man Saw
41:55 Scale Barding Armor
42:24 Conscription
45:03 Elite Longbowman
45:19 Sappers
46:26 Hoardings
46:59 Warwolf
61:37 Chemistry
60:58 Ballistics
60:21 Treadmill Crane
60:43 Murder Holes
143:44 Elite Skirmisher
145:19 Light Cavalry
146:42 Husbandry
147:35 Forging
147:46 Chain Barding Armor
150:32 Iron Casting
150:34 Plate Barding Armor
151:08 Yeomen
SoltiL
14:09 Feudal Age
27:26 Castle Age
25:50 Fletching
47:01 Double-Bit Axe
55:52 Gold Mining
59:41 Wheelbarrow
62:02 Fishing Lines
62:47 Horse Collar
67:27 Imperial Age
65:32 Hand Cart
68:38 Conscription
69:06 Loom
69:08 Town Watch
69:33 Elite Teutonic Knight
70:27 Forging
70:18 Scale Mail Armor
73:16 Iron Casting
72:56 Chain Mail Armor
73:01 Stone Mining
73:25 Bow Saw
77:31 Blast Furnace
77:02 Plate Mail Armor
87:08 Chemistry
96:18 Two-Man Saw
96:23 Padded Archer Armor
107:35 Squires
107:21 Gambesons
107:22 Arson
107:36 Bodkin Arrow
107:57 Leather Archer Armor
110:28 Ring Archer Armor
110:04 Scale Barding Armor
110:40 Caravan
114:44 Pikeman
121:28 Halberdier
125:27 Elite Skirmisher
148:59 Man-at-Arms
150:52 Long Swordsman
151:40 Two-Handed Swordsman
152:14 Champion
161:08 Medium Warships
175:02 Heavy Warships
178:10 Spies/Treason
干死6P
ALAM-THE-GHAZAI
4:49 Loom
14:26 Feudal Age
17:08 Stone Mining
17:38 Town Watch
20:48 Castle Age
19:04 Gold Mining
19:26 Fishing Lines
21:36 Fletching
23:20 Forging
26:49 Wheelbarrow
30:38 Treadmill Crane
32:03 Double-Bit Axe
36:45 Ballistics
40:46 Imperial Age
38:41 Hand Cart
40:36 Yasama
41:14 Iron Casting
40:59 Masonry
41:16 Scale Mail Armor
41:51 Conscription
41:07 Elite Samurai
S个帅哥
10:10 Loom
17:15 Feudal Age
22:04 Castle Age
20:36 Stone Mining
24:47 Double-Bit Axe
25:35 Gold Mining
27:19 Fletching
27:29 Padded Archer Armor
27:45 Bow Saw
28:22 Bodkin Arrow
29:58 Horse Collar
31:11 Heavy Plow
32:46 Leather Archer Armor
43:46 Imperial Age
41:52 Wheelbarrow
41:02 Town Watch
42:26 Forging
42:22 Scale Barding Armor
43:39 Ballistics
43:29 Fortified Wall
43:15 Murder Holes
44:50 Conscription
45:36 Chemistry
44:48 Masonry
45:31 Husbandry
45:42 Bloodlines
46:00 Bracer
46:31 Ring Archer Armor
46:21 Chain Barding Armor
46:37 Iron Casting
47:12 Elite Conquistador
48:31 Chain Barding Armor
49:19 Architecture
49:06 Onager
51:18 Bombard Tower
50:30 Light Cavalry
51:45 Guard Tower
52:32 Hussar
54:05 Plate Barding Armor
54:31 Blast Furnace
55:59 Hoardings
59:01 Capped Ram
60:51 Siege Ram
61:57 Cavalier
66:13 Paladin
96:41 Pikeman
97:21 Squires
97:07 Arson
99:12 Caravan
119:14 Elite Skirmisher
120:00 Thumb Ring
Connection lost

Rejoining the realm…

Still unreachable

The connection could not be restored.

Session expired

The server has moved on; the page needs a fresh start.